TOP OF THE 1ST |
UCLA Bruins batting - Pitching for University of Toronto Marlies : LHP Leo Gutierrez
|
Pitching: LHP Leo Gutierrez
|
|
Batting: SHB Jay Gagnon
|
0-0: Ball 1-0: Ball 2-0: Called Strike 2-1: SINGLE (Line Drive, 8LM, EV 94.4 MPH)
|
Batting: RHB Robby Hickman
|
0-0: Called Strike 0-1: Ball 1-1: Foul Ball, location: 2F 1-2: Hit by Pitch Jay Gagnon to second
|
Batting: RHB Wan-ling Zhu
|
0-0: Ball 1-0: Ball 2-0: Foul Ball, location: 2F 2-1: Foul Ball, location: 2F 2-2: Ball 3-2: Base on Balls Jay Gagnon to third Robby Hickman to second
|
Batting: RHB Nate Dabney
|
0-0: Ball 1-0: Foul Ball, location: 2F 1-1: Ground out 5-3 (Groundball, 56S, EV 63.1 MPH) Jay Gagnon scores Robby Hickman to third Wan-ling Zhu to second
|
Batting: RHB Eddie Serna
|
0-0: DOUBLE (Flyball, 7LD, EV 103.1 MPH) Robby Hickman scores Wan-ling Zhu scores
|
Batting: LHB Chris Jackson
|
0-0: Swinging Strike 0-1: Swinging Strike 0-2: Ball 1-2: Ground out 4-3 (Groundball, 4M, EV 85.0 MPH) Eddie Serna to third
|
Batting: RHB Leo Gonzalez
|
0-0: Ball 1-0: Ball 2-0: Ball 3-0: Called Strike 3-1: Foul Ball, location: 2F 3-2: Base on Balls
|
Batting: RHB Alex Collazo
|
0-0: SINGLE (Groundball, 34D, EV 102.5 MPH) Eddie Serna scores Leo Gonzalez to second Runner from 2nd tries for 3rd, SAFE, throw by RF made to third Alex Collazo to second
|
Batting: RHB Steve Errico
|
0-0: Ball 1-0: Ground out 4-3 (Groundball, 4, EV 105.6 MPH)
|
Top of the 1st over - 4 runs, 3 hits, 0 errors, 2 left on base; UCLA 4 - University of Toronto 0 |
BOTTOM OF THE 1ST |
University of Toronto Marlies batting - Pitching for UCLA Bruins : RHP Marcos Vergara
|
Pitching: RHP Marcos Vergara
|
|
Batting: RHB Rich Thurman
|
0-0: Ball 1-0: Called Strike 1-1: Ball 2-1: SINGLE (Groundball, 15S, EV 70.6 MPH) (infield hit)
|
Batting: LHB Jonathan Roman
|
0-0: Called Strike 0-1: Ball 1-1: Ball 2-1: Foul Ball, location: 2F 2-2: Strikes out looking
|
Batting: RHB Elijah Hunter
|
0-0: Called Strike 0-1: SINGLE (Groundball, 4MD, EV 101.9 MPH) Rich Thurman to second
|
Batting: LHB Jonathon Walton
|
0-0: Ball 1-0: Foul Ball, location: 2F 1-1: Foul Ball, location: 2F 1-2: Ball 2-2: Foul Ball, location: 2F 2-2: Ball 3-2: Grounds into double play, 4-6-3 (Groundball, 4, EV 83.1 MPH)
|
Bottom of the 1st over - 0 runs, 2 hits, 0 errors, 1 left on base; UCLA 4 - University of Toronto 0 |
TOP OF THE 2ND |
UCLA Bruins batting - Pitching for University of Toronto Marlies : LHP Leo Gutierrez
|
Batting: SHB Jay Gagnon
|
0-0: Ball 1-0: Called Strike 1-1: Foul Ball, location: 2F 1-2: Strikes out looking
|
Batting: RHB Robby Hickman
|
0-0: Ball 1-0: Ball 2-0: Foul Ball, location: 2F 2-1: Ball 3-1: Base on Balls
|
Batting: RHB Wan-ling Zhu
|
0-0: Ball 1-0: 2-RUN HOME RUN (Flyball, 9D, EV 95.0 MPH), Distance : 370 ft
|
Batting: RHB Nate Dabney
|
0-0: Called Strike 0-1: Ball 1-1: Fly out, F7 (Line Drive, 7, EV 103.1 MPH)
|
Batting: RHB Eddie Serna
|
0-0: Fly out, F7 (Line Drive, 7D, EV 93.1 MPH)
|
Top of the 2nd over - 2 runs, 1 hit, 0 errors, 0 left on base; UCLA 6 - University of Toronto 0 |
BOTTOM OF THE 2ND |
University of Toronto Marlies batting - Pitching for UCLA Bruins : RHP Marcos Vergara
|
Batting: RHB Masaru Konno
|
0-0: Ball 1-0: Ball 2-0: Swinging Strike 2-1: Ball 3-1: Swinging Strike 3-2: Foul Ball, location: 2F 3-2: Base on Balls
|
Batting: LHB Chris Williams
|
0-0: Called Strike 0-1: Ball 1-1: Fielders Choice at 2nd, 4-6 (Groundball, 4M, EV 99.4 MPH)
|
Batting: LHB Marshall Daul
|
0-0: Fly out, F7 (Line Drive, 7LD, EV 103.1 MPH)
|
Batting: RHB Jose Argueta
|
0-0: Ball 1-0: Called Strike Chris Williams steals 2nd base 1-1: Ball Wild Pitch! Chris Williams to third 2-1: Fly out, F7 (Line Drive, 7, EV 93.8 MPH)
|
Bottom of the 2nd over - 0 runs, 0 hits, 0 errors, 1 left on base; UCLA 6 - University of Toronto 0 |
TOP OF THE 3RD |
UCLA Bruins batting - Pitching for University of Toronto Marlies : LHP Leo Gutierrez
|
Batting: LHB Chris Jackson
|
0-0: Called Strike 0-1: Ball 1-1: Ball 2-1: Ground out 6-3 (Groundball, 6, EV 85.0 MPH)
|
Batting: RHB Leo Gonzalez
|
0-0: Called Strike 0-1: Called Strike 0-2: Foul Ball, location: 2F 0-2: Ball 1-2: Ball 2-2: Strikes out swinging
|
Batting: RHB Alex Collazo
|
0-0: Swinging Strike 0-1: Swinging Strike 0-2: Foul Ball, location: 2F 0-2: Foul Ball, location: 2F 0-2: Ball 1-2: Foul Ball, location: 2F 1-2: Ground out U3 (Groundball, 34, EV 102.5 MPH)
|
Top of the 3rd over - 0 runs, 0 hits, 0 errors, 0 left on base; UCLA 6 - University of Toronto 0 |
BOTTOM OF THE 3RD |
University of Toronto Marlies batting - Pitching for UCLA Bruins : RHP Marcos Vergara
|
Batting: RHB Nate Henderson
|
0-0: Ball 1-0: Ball 2-0: Ball 3-0: Called Strike 3-1: Called Strike 3-2: Foul Ball, location: 2F 3-2: Strikes out looking
|
Batting: RHB Rich Thurman
|
0-0: Called Strike 0-1: Foul Ball, location: 2F 0-2: Ground out 5-3 (Groundball, 5L, EV 82.5 MPH)
|
Batting: LHB Jonathan Roman
|
0-0: Called Strike 0-1: Ball 1-1: Foul Ball, location: 2F 1-2: SINGLE (Groundball, 25, EV 68.8 MPH) (infield hit)
|
Batting: RHB Elijah Hunter
|
0-0: Called Strike 0-1: Swinging Strike 0-2: Fielders Choice at 2nd, 6-4 (Groundball, 6, EV 91.9 MPH)
|
Bottom of the 3rd over - 0 runs, 1 hit, 0 errors, 1 left on base; UCLA 6 - University of Toronto 0 |
TOP OF THE 4TH |
UCLA Bruins batting - Pitching for University of Toronto Marlies : LHP Leo Gutierrez
|
Pitching: RHP Leon Benitez
|
|
Batting: RHB Steve Errico
|
0-0: Ball 1-0: Swinging Strike 1-1: Fly out, F5 (Line Drive, 5, EV 69.4 MPH)
|
Batting: SHB Jay Gagnon
|
0-0: Foul Ball, location: 2F 0-1: Foul Ball, location: 2F 0-2: Ball 1-2: Foul Ball, location: 2F 1-2: Foul Ball, location: 2F 1-2: Ball 2-2: Ball 3-2: Base on Balls
|
Batting: RHB Robby Hickman
|
0-0: Ball 1-0: Called Strike 1-1: Fly out, F9 (Flyball, 9, EV 98.1 MPH)
|
Batting: RHB Wan-ling Zhu
|
0-0: Fielders Choice at 2nd, 5-4 (Groundball, 56D, EV 110.0 MPH)
|
Top of the 4th over - 0 runs, 0 hits, 0 errors, 1 left on base; UCLA 6 - University of Toronto 0 |
BOTTOM OF THE 4TH |
University of Toronto Marlies batting - Pitching for UCLA Bruins : RHP Marcos Vergara
|
Batting: LHB Jonathon Walton
|
0-0: Called Strike 0-1: Ball 1-1: Fly out, F8 (Line Drive, 8RD, EV 99.4 MPH)
|
Batting: RHB Masaru Konno
|
0-0: Ball 1-0: Swinging Strike 1-1: SINGLE (Groundball, 56S, EV 65.6 MPH) (infield hit)
|
Batting: LHB Chris Williams
|
0-0: Ball 1-0: Grounds into double play, 6-4-3 (Groundball, 6, EV 86.3 MPH)
|
Bottom of the 4th over - 0 runs, 1 hit, 0 errors, 0 left on base; UCLA 6 - University of Toronto 0 |
TOP OF THE 5TH |
UCLA Bruins batting - Pitching for University of Toronto Marlies : RHP Leon Benitez
|
Batting: RHB Nate Dabney
|
0-0: Ball 1-0: Ground out 6-3 (Groundball, 6, EV 99.4 MPH)
|
Batting: RHB Eddie Serna
|
0-0: Foul Ball, location: 2F 0-1: Called Strike 0-2: Ball 1-2: Hit by Pitch
|
Batting: LHB Chris Jackson
|
0-0: Called Strike 0-1: Foul Ball, location: 2F 0-2: DOUBLE (Line Drive, 78XD, EV 98.1 MPH) Eddie Serna to third
|
Batting: RHB Leo Gonzalez
|
0-0: Ball 1-0: Called Strike 1-1: Foul Ball, location: 2F 1-2: Foul Ball, location: 2F 1-2: Ground out 4-3 (Groundball, 4M, EV 78.1 MPH) Eddie Serna scores Chris Jackson to third
|
Batting: RHB Alex Collazo
|
0-0: Called Strike 0-1: Called Strike 0-2: Ball 1-2: Strikes out looking
|
Top of the 5th over - 1 run, 1 hit, 0 errors, 1 left on base; UCLA 7 - University of Toronto 0 |
BOTTOM OF THE 5TH |
University of Toronto Marlies batting - Pitching for UCLA Bruins : RHP Marcos Vergara
|
Batting: LHB Marshall Daul
|
0-0: Called Strike 0-1: Ball 1-1: Ground out 4-3 (Groundball, 4, EV 111.3 MPH)
|
Batting: RHB Jose Argueta
|
0-0: Ball 1-0: Swinging Strike 1-1: Ball 2-1: Ball 3-1: Base on Balls
|
Batting: RHB Nate Henderson
|
0-0: Called Strike 0-1: Ball 1-1: Foul Ball, location: 2F 1-2: Strikes out swinging
|
Batting: RHB Rich Thurman
|
0-0: Ball 1-0: Ball 2-0: Swinging Strike 2-1: Foul Ball, location: 2F 2-2: Foul Ball, location: 2F 2-2: SINGLE (Line Drive, 8RS, EV 88.1 MPH) Jose Argueta to second
|
Pitching: RHP Armando Berrios
|
|
Batting: LHB Jonathan Roman
|
0-0: Ball 1-0: Foul Ball, location: 2F 1-1: SINGLE (Groundball, 56D, EV 105.0 MPH) Jose Argueta to third Rich Thurman to second Runner from 3rd tries for Home, SAFE, throw by LF to home
|
Batting: RHB Elijah Hunter
|
0-0: Called Strike 0-1: Called Strike 0-2: Ball 1-2: Ball 2-2: Ball 3-2: Foul Ball, location: 2F 3-2: Base on Balls Rich Thurman to third Jonathan Roman to second
|
Batting: LHB Jonathon Walton
|
0-0: Ground out U3 (Groundball, 3, EV 90.0 MPH)
|
Bottom of the 5th over - 1 run, 2 hits, 0 errors, 3 left on base; UCLA 7 - University of Toronto 1 |
TOP OF THE 6TH |
UCLA Bruins batting - Pitching for University of Toronto Marlies : RHP Leon Benitez
|
Batting: RHB Steve Errico
|
0-0: Called Strike 0-1: Called Strike 0-2: Ball 1-2: Foul Ball, location: 2F 1-2: Strikes out swinging
|
Pitching: RHP Eric Kidd
|
|
Batting: SHB Jay Gagnon
|
0-0: Called Strike 0-1: Ball 1-1: Called Strike 1-2: Ball 2-2: Strikes out swinging
|
Batting: RHB Robby Hickman
|
0-0: Ball 1-0: Foul Ball, location: 2F 1-1: Ball 2-1: Ball 3-1: DOUBLE (Flyball, 78D, EV 113.8 MPH)
|
Batting: RHB Wan-ling Zhu
|
0-0: Foul Ball, location: 2F 0-1: Ball 1-1: Ball 2-1: Ball 3-1: Base on Balls
|
Batting: RHB Nate Dabney
|
0-0: Ball 1-0: SINGLE (Line Drive, 9, EV 101.9 MPH) Robby Hickman to third Wan-ling Zhu to second Runner from 3rd tries for Home, SAFE, throw by RF to home Wan-ling Zhu to third Nate Dabney to second
|
Batting: RHB Eddie Serna
|
0-0: Ground out 6-3 (Groundball, 6, EV 106.9 MPH)
|
Top of the 6th over - 1 run, 2 hits, 0 errors, 2 left on base; UCLA 8 - University of Toronto 1 |
BOTTOM OF THE 6TH |
University of Toronto Marlies batting - Pitching for UCLA Bruins : RHP Armando Berrios
|
Batting: RHB Masaru Konno
|
0-0: Ground out 6-3 (Groundball, 6S, EV 63.1 MPH)
|
Batting: LHB Chris Williams
|
0-0: Called Strike 0-1: Called Strike 0-2: Strikes out swinging
|
Batting: LHB Marshall Daul
|
0-0: Ball 1-0: Ball 2-0: Foul Ball, location: 2F 2-1: Ground out 1-3 (Groundball, 15S, EV 58.8 MPH)
|
Bottom of the 6th over - 0 runs, 0 hits, 0 errors, 0 left on base; UCLA 8 - University of Toronto 1 |
TOP OF THE 7TH |
UCLA Bruins batting - Pitching for University of Toronto Marlies : RHP Eric Kidd
|
Batting: LHB Chris Jackson
|
0-0: Called Strike 0-1: Ball 1-1: Fly out, F7 (Flyball, 78D, EV 89.4 MPH)
|
Pitching: RHP Chris Bryant
|
|
Batting: RHB Leo Gonzalez
|
0-0: Ball 1-0: Ball 2-0: Ball 3-0: Called Strike 3-1: Called Strike 3-2: Strikes out looking
|
Batting: RHB Alex Collazo
|
0-0: Swinging Strike 0-1: Swinging Strike 0-2: Ball 1-2: Foul Ball, location: 2F 1-2: Foul Ball, location: 2F 1-2: Foul Ball, location: 2F 1-2: Ball 2-2: Ball 3-2: Strikes out swinging
|
Top of the 7th over - 0 runs, 0 hits, 0 errors, 0 left on base; UCLA 8 - University of Toronto 1 |
BOTTOM OF THE 7TH |
University of Toronto Marlies batting - Pitching for UCLA Bruins : RHP Armando Berrios
|
Pinch Hitting: RHB Kevin Dionne
|
0-0: Called Strike 0-1: Ball 1-1: Foul Ball, location: 2F 1-2: Ball 2-2: Ball 3-2: Base on Balls
|
Pitching: RHP Daniel Boulter
|
|
Batting: RHB Nate Henderson
|
0-0: Called Strike 0-1: SINGLE (Groundball, 4D, EV 101.9 MPH) Kevin Dionne to second
|
Pinch Hitting: LHB Fernão Manta
|
0-0: Called Strike 0-1: Swinging Strike 0-2: Strikes out looking
|
Batting: LHB Jonathan Roman
|
0-0: Called Strike 0-1: SINGLE (Groundball, 34D, EV 103.8 MPH) Kevin Dionne to third Nate Henderson to second
|
Batting: RHB Elijah Hunter
|
0-0: Foul Ball, location: 2F 0-1: Foul Ball, location: 2F 0-2: Ball 1-2: Ball 2-2: Strikes out looking
|
Batting: LHB Jonathon Walton
|
0-0: Fly out, F7 (Flyball, 7LD, EV 96.9 MPH)
|
Bottom of the 7th over - 0 runs, 2 hits, 0 errors, 3 left on base; UCLA 8 - University of Toronto 1 |
TOP OF THE 8TH |
UCLA Bruins batting - Pitching for University of Toronto Marlies : RHP Chris Bryant
|
Now at 2B: Kevin Dionne
|
|
Now at 3B: Fernão Manta
|
|
Batting: RHB Steve Errico
|
0-0: Called Strike 0-1: Ball 1-1: Foul Ball, location: 2F 1-2: Ball 2-2: Strikes out swinging
|
Batting: SHB Jay Gagnon
|
0-0: Swinging Strike 0-1: Foul Ball, location: 2F 0-2: Ball 1-2: Ball 2-2: Foul Ball, location: 2F 2-2: Ball 3-2: Foul Ball, location: 2F 3-2: Fly out, F4 (Line Drive, 4, EV 66.9 MPH)
|
Batting: RHB Robby Hickman
|
0-0: Foul Ball, location: 2F 0-1: Called Strike 0-2: Foul Ball, location: 2F 0-2: Foul Ball, location: 2F 0-2: Ball 1-2: Ball 2-2: Foul Ball, location: 2F 2-2: Foul Ball, location: 2F 2-2: Ball 3-2: Foul Ball, location: 2F 3-2: SINGLE (Line Drive, 7LS, EV 108.1 MPH)
|
Pitching: RHP Tony Machado
|
|
Pinch Hitting: RHB German Quiroga
|
0-0: Fielders Choice at 2nd, 6-4 (Groundball, 6, EV 106.9 MPH)
|
Top of the 8th over - 0 runs, 1 hit, 0 errors, 1 left on base; UCLA 8 - University of Toronto 1 |
BOTTOM OF THE 8TH |
University of Toronto Marlies batting - Pitching for UCLA Bruins : RHP Daniel Boulter
|
Now at SS: Lorenzo Diaz
|
|
Batting: RHB Masaru Konno
|
0-0: Ball 1-0: Ground out 4-3 (Groundball, 34, EV 89.4 MPH)
|
Batting: LHB Chris Williams
|
0-0: Ball 1-0: SOLO HOME RUN (Flyball, 7LD, EV 94.4 MPH), Distance : 362 ft
|
Batting: LHB Marshall Daul
|
0-0: Ball 1-0: Foul Ball, location: 2F 1-1: Foul Ball, location: 2F 1-2: Fly out, F4 (Popup, 4, EV 60.0 MPH)
|
Batting: RHB Kevin Dionne
|
0-0: Ball 1-0: Fly out, F8 (Flyball, 8LM, EV 83.8 MPH)
|
Bottom of the 8th over - 1 run, 1 hit, 0 errors, 0 left on base; UCLA 8 - University of Toronto 2 |
TOP OF THE 9TH |
UCLA Bruins batting - Pitching for University of Toronto Marlies : RHP Tony Machado
|
Pitching: RHP Edwin Martinez
|
|
Batting: RHB Nate Dabney
|
0-0: SOLO HOME RUN (Flyball, 8LXD, EV 102.5 MPH), Distance : 426 ft
|
Batting: RHB Eddie Serna
|
0-0: Ball 1-0: Ground out U3 (Groundball, 13, EV 85.0 MPH)
|
Batting: LHB Chris Jackson
|
0-0: Ball 1-0: Foul Ball, location: 2F 1-1: Fly out, F8 (Flyball, 8LS, EV 81.3 MPH)
|
Batting: RHB Leo Gonzalez
|
0-0: Foul Ball, location: 2F 0-1: Called Strike 0-2: Fly out, F7 (Line Drive, 7, EV 90.0 MPH)
|
Top of the 9th over - 1 run, 1 hit, 0 errors, 0 left on base; UCLA 9 - University of Toronto 2 |
BOTTOM OF THE 9TH |
University of Toronto Marlies batting - Pitching for UCLA Bruins : RHP Daniel Boulter
|
Batting: RHB Nate Henderson
|
0-0: Foul Ball, location: 2F 0-1: Ball 1-1: Ball 2-1: Swinging Strike 2-2: Strikes out looking
|
Pitching: RHP Xavier Mosley
|
|
Batting: LHB Fernão Manta
|
0-0: Ball 1-0: Swinging Strike 1-1: Ball 2-1: Ball 3-1: Fly out, F7 (Flyball, 78XD, EV 100.6 MPH)
|
Batting: LHB Jonathan Roman
|
0-0: Reached on error, E6 (Groundball, 6, EV 84.4 MPH)
|
Batting: RHB Elijah Hunter
|
0-0: Foul Ball, location: 2F 0-1: Foul Ball, location: 2F 0-2: Strikes out looking
|
Bottom of the 9th over - 0 runs, 0 hits, 1 error, 1 left on base; UCLA 9 - University of Toronto 2 |
|